3408 views
Uploaded 2020-08-03 23:14:09
Game version 1.32.6 / 1.32.7
27:40 long 1on1 ladder game on (2)Amazonia
Saved by BEARAND
3408 views
Uploaded 2020-08-03 23:14:09
Game version 1.32.6 / 1.32.7
27:40 long 1on1 ladder game on (2)Amazonia

/ 1.4k
17 buildings @ 3k
/ 1.4k



| Wisp | 8 | 480 | / | 0 |
| Archer | 7 | 910 | / | 70 |
| Huntress | 3 | 585 | / | 60 |
| Glaive Thrower | 6 | 1260 | / | 390 |
| Dryad | 4 | 580 | / | 240 |
| Chimaera | 4 | 1320 | / | 280 |
| Mountain Giant | 2 | 700 | / | 200 |
| Hippogryph | 3 | 480 | / | 60 |
| Goblin Shredder | 1 | 375 | / | 100 |
| total: | 38 | 6690g | / | 1400w |
| Altar of Elders | 1 | 180 | / | 50 |
| Moon Well | 8 | 1440 | / | 320 |
| Ancient of War | 1 | 150 | / | 60 |
| Hunter's Hall | 1 | 210 | / | 100 |
| Tree of Life | 1 | 340 | / | 185 |
| Ancient of Wonders | 1 | 90 | / | 30 |
| Ancient of Lore | 1 | 155 | / | 145 |
| Ancient of Wind | 1 | 150 | / | 140 |
| Chimaera Roost | 2 | 280 | / | 380 |
| Tree of Ages | 1 | 320 | / | 180 |
| Tree of Eternity | 1 | 330 | / | 200 |
| total: | 17 | 2995g | / | 1410w |
| 0:08 | Wisp |
| 0:08 | Wisp |
| 0:09 | Wisp |
| 0:16 | Altar of Elders |
| 0:30 | Moon Well |
| 0:43 | Ancient of War |
| 0:56 | Wisp |
| 1:45 | Archer |
| 1:45 | Archer |
| 1:55 | Moon Well |
| 2:07 | Archer |
| 2:43 | Archer |
| 3:00 | Archer |
| 3:06 | Wisp |
| 3:07 | Wisp |
| 3:11 | Moon Well |
| 3:24 | Evasion |
| 3:36 | Mana Burn |
| 4:07 | Hunter's Hall |
| 4:50 | Archer |
| 4:50 | Archer |
| 5:16 | Huntress |
| 5:16 | Huntress |
| 5:39 | Tree of Ages |
| 5:48 | Mana Burn |
| 6:31 | Huntress |
| 6:35 | Moon Well |
| 8:04 | Ancient of Lore |
| 8:07 | Moon Well |
| 8:09 | Wisp |
| 8:09 | Wisp |
| 8:37 | Evasion |
| 9:02 | Entangling Roots |
| 9:32 | Glaive Thrower |
| 9:34 | Vorpal Blades |
| 9:34 | Glaive Thrower |
| 9:34 | Glaive Thrower |
| 9:34 | Glaive Thrower |
| 9:56 | Dryad |
| 10:28 | Force of Nature |
| 11:11 | Dryad |
| 11:11 | Dryad |
| 11:11 | Dryad |
| 12:01 | Goblin Shredder |
| 12:40 | Tree of Eternity |
| 12:48 | Moon Well |
| 12:50 | Moon Well |
| 15:03 | Moon Well |
| 15:07 | Chimaera Roost |
| 15:10 | Chimaera Roost |
| 15:38 | Rain of Fire |
| 16:52 | Corrosive Breath |
| 16:53 | Chimaera |
| 16:53 | Chimaera |
| 16:54 | Chimaera |
| 18:11 | Glaive Thrower |
| 18:11 | Glaive Thrower |
| 19:55 | Tree of Life |
| 20:19 | Strength of the Wild |
| 20:19 | Reinforced Hides |
| 20:57 | Well Spring |
| 21:53 | Entangling Roots |
| 22:18 | Chimaera |
| 23:49 | Ancient of Wonders |
| 24:10 | Mana Burn |
| 25:09 | Hardened Skin |
| 25:10 | Resistant Skin |
| 25:32 | Ancient of Wind |
| 26:14 | Mountain Giant |
| 26:15 | Mountain Giant |
| 26:42 | Hippogryph |
| 27:31 | Hippogryph |
| 27:31 | Hippogryph |
| Right click | 974 |
| Select group | 414 |
| Select | 310 |
| Build/train/purchase | 59 |
| Use ability | 30 |
| Misc. action | 27 |
| Assign group | 26 |
| Chat | 7 |
| Item give/drop | 3 |
| Remove unit | 3 |
28 units @ 3.4k
/ 0.3k
100 buildings @ 4.7k
/ 2.6k



| Scroll of Regeneration | 3 | 300 |
| Potion of Healing | 4 | 600 |
| Lesser Clarity Potion | 2 | 140 |
| Staff of Sanctuary | 3 | 750 |
| Orb of Fire | 2 | 650 |
| Potion of Mana | 1 | 200 |
| Scroll of Town Portal | 1 | 350 |
| Boots of Speed | 4 | 1000 |
| Staff of Teleportation | 4 | 600 |
| Periapt of Vitality | 1 | 325 |
| total: | 25 | 4915g |
| Peasant | 18 | 1350 | / | 0 |
| Priest | 1 | 135 | / | 10 |
| Sorceress | 1 | 155 | / | 20 |
| Dragonhawk Rider | 7 | 1400 | / | 210 |
| Goblin Shredder | 1 | 375 | / | 100 |
| total: | 28 | 3415g | / | 340w |
| Scout Tower | 83 | 2490 | / | 1660 |
| Arcane Tower | 4 | 280 | / | 200 |
| Guard Tower | 54 | 3780 | / | 2700 |
| Altar of Kings | 1 | 180 | / | 50 |
| Farm | 7 | 560 | / | 140 |
| Arcane Vault | 3 | 390 | / | 90 |
| Lumber Mill | 1 | 120 | / | 0 |
| Town Hall | 1 | 385 | / | 205 |
| Blacksmith | 1 | 140 | / | 60 |
| Barracks | 1 | 160 | / | 60 |
| Gryphon Aviary | 1 | 140 | / | 150 |
| Arcane Sanctum | 1 | 150 | / | 140 |
| Keep | 1 | 320 | / | 210 |
| Castle | 1 | 360 | / | 210 |
| total: | 100 | 4715g | / | 2555w |
| 0:03 | Peasant |
| 0:03 | Peasant |
| 0:03 | Peasant |
| 0:09 | Altar of Kings |
| 0:19 | Farm |
| 0:33 | Peasant |
| 0:43 | Scout Tower |
| 0:46 | Peasant |
| 1:04 | Farm |
| 1:12 | Arcane Vault |
| 1:19 | Peasant |
| 1:24 | Peasant |
| 1:31 | Lumber Mill |
| 1:34 | Peasant |
| 1:38 | Arcane Tower |
| 1:42 | Scout Tower |
| 1:51 | Peasant |
| 2:11 | Blizzard |
| 2:44 | Peasant |
| 2:44 | Peasant |
| 2:52 | Guard Tower |
| 2:57 | Peasant |
| 3:09 | Improved Masonry |
| 3:18 | Peasant |
| 3:20 | Peasant |
| 3:24 | Brilliance Aura |
| 3:41 | Scout Tower |
| 3:42 | Scout Tower |
| 3:43 | Scout Tower |
| 3:43 | Scout Tower |
| 3:45 | Peasant |
| 3:54 | Farm |
| 3:57 | Boots of Speed |
| 3:58 | Staff of Teleportation |
| 4:21 | Keep |
| 4:41 | Guard Tower |
| 5:19 | Guard Tower |
| 5:21 | Scout Tower |
| 5:21 | Scout Tower |
| 5:22 | Scout Tower |
| 5:23 | Scout Tower |
| 5:30 | Scroll of Regeneration |
| 5:34 | Guard Tower |
| 6:11 | Guard Tower |
| 6:15 | Scroll of Regeneration |
| 6:51 | Guard Tower |
| 6:55 | Potion of Healing |
| 7:01 | Scroll of Regeneration |
| 7:12 | Farm |
| 7:13 | Farm |
| 7:13 | Farm |
| 7:18 | Guard Tower |
| 7:36 | Goblin Shredder |
| 7:46 | Storm Bolt |
| 8:05 | Advanced Masonry |
| 8:30 | Blizzard |
| 8:37 | Scout Tower |
| 8:38 | Scout Tower |
| 8:38 | Scout Tower |
| 8:38 | Scout Tower |
| 8:39 | Scout Tower |
| 8:40 | Scout Tower |
| 9:01 | Scout Tower |
| 9:01 | Scout Tower |
| 9:01 | Scout Tower |
| 9:01 | Scout Tower |
| 9:01 | Scout Tower |
| 9:12 | Guard Tower |
| 9:13 | Guard Tower |
| 9:14 | Scout Tower |
| 9:29 | Castle |
| 9:30 | Guard Tower |
| 9:31 | Guard Tower |
| 9:34 | Scout Tower |
| 9:37 | Potion of Healing |
| 9:44 | Lesser Clarity Potion |
| 9:44 | Lesser Clarity Potion |
| 9:47 | Guard Tower |
| 9:47 | Guard Tower |
| 9:49 | Guard Tower |
| 10:39 | Town Hall |
| 10:47 | Scout Tower |
| 10:48 | Scout Tower |
| 10:49 | Scout Tower |
| 10:49 | Scout Tower |
| 10:50 | Scout Tower |
| 10:51 | Scout Tower |
| 10:54 | Bash |
| 11:10 | Arcane Vault |
| 11:14 | Gryphon Aviary |
| 11:20 | Arcane Vault |
| 11:35 | Potion of Healing |
| 11:41 | Guard Tower |
| 11:53 | Guard Tower |
| 12:03 | Guard Tower |
| 12:03 | Guard Tower |
| 12:17 | Guard Tower |
| 12:18 | Arcane Tower |
| 12:26 | Farm |
| 12:37 | Scout Tower |
| 13:14 | Staff of Sanctuary |
| 13:24 | Peasant |
| 13:56 | Guard Tower |
| 14:05 | Arcane Sanctum |
| 14:14 | Scout Tower |
| 14:19 | Peasant |
| 14:20 | Guard Tower |
| 14:27 | Staff of Sanctuary |
| 14:39 | Holy Light |
| 14:46 | Guard Tower |
| 14:53 | Orb of Fire |
| 14:57 | Boots of Speed |
| 14:57 | Staff of Teleportation |
| 15:09 | Staff of Teleportation |
| 15:19 | Imbued Masonry |
| 15:29 | Magic Sentry |
| 15:31 | Boots of Speed |
| 15:31 | Boots of Speed |
| 16:02 | Staff of Sanctuary |
| 16:02 | Orb of Fire |
| 16:47 | Priest |
| 16:48 | Priest Adept Training |
| 16:48 | Sorceress |
| 16:48 | Sorceress Adept Training |
| 16:53 | Dragonhawk Rider |
| 16:53 | Dragonhawk Rider |
| 17:18 | Peasant |
| 17:20 | Scout Tower |
| 17:20 | Scout Tower |
| 17:21 | Scout Tower |
| 17:53 | Blacksmith |
| 17:56 | Barracks |
| 17:59 | Dragonhawk Rider |
| 17:59 | Dragonhawk Rider |
| 18:00 | Cloud |
| 18:08 | Staff of Teleportation |
| 18:10 | Periapt of Vitality |
| 18:26 | Guard Tower |
| 18:46 | Guard Tower |
| 19:07 | Dragonhawk Rider |
| 19:09 | Iron Forged Swords |
| 19:09 | Studded Leather Armor |
| 20:25 | Animal War Training |
| 20:30 | Steel Forged Swords |
| 20:42 | Scout Tower |
| 20:43 | Scout Tower |
| 20:43 | Scout Tower |
| 20:44 | Scout Tower |
| 20:46 | Scout Tower |
| 20:46 | Scout Tower |
| 20:47 | Scout Tower |
| 20:47 | Scout Tower |
| 20:48 | Scout Tower |
| 20:48 | Scout Tower |
| 20:49 | Scout Tower |
| 20:49 | Scout Tower |
| 20:53 | Potion of Mana |
| 20:55 | Potion of Healing |
| 22:04 | Guard Tower |
| 22:05 | Guard Tower |
| 22:05 | Guard Tower |
| 22:21 | Brilliance Aura |
| 22:23 | Storm Bolt |
| 22:25 | Divine Shield |
| 22:34 | Scout Tower |
| 22:35 | Scout Tower |
| 22:35 | Scout Tower |
| 22:36 | Scout Tower |
| 22:37 | Scout Tower |
| 22:37 | Scout Tower |
| 22:37 | Scout Tower |
| 22:38 | Scout Tower |
| 22:38 | Scout Tower |
| 22:39 | Scout Tower |
| 22:40 | Scout Tower |
| 22:40 | Scout Tower |
| 22:41 | Scout Tower |
| 22:41 | Scout Tower |
| 22:43 | Scout Tower |
| 22:43 | Scout Tower |
| 22:44 | Scout Tower |
| 22:44 | Scout Tower |
| 22:45 | Scout Tower |
| 22:46 | Scout Tower |
| 22:46 | Scout Tower |
| 22:47 | Scout Tower |
| 22:47 | Scout Tower |
| 23:15 | Mithril Forged Swords |
| 23:15 | Reinforced Leather Armor |
| 23:19 | Guard Tower |
| 23:21 | Guard Tower |
| 23:22 | Guard Tower |
| 23:22 | Guard Tower |
| 23:23 | Guard Tower |
| 23:30 | Dragonhawk Rider |
| 23:30 | Dragonhawk Rider |
| 23:49 | Scroll of Town Portal |
| 23:55 | Scout Tower |
| 23:56 | Scout Tower |
| 23:59 | Scout Tower |
| 23:59 | Scout Tower |
| 24:01 | Scout Tower |
| 24:02 | Scout Tower |
| 24:17 | Guard Tower |
| 24:25 | Scout Tower |
| 24:26 | Scout Tower |
| 24:27 | Scout Tower |
| 24:27 | Scout Tower |
| 24:28 | Scout Tower |
| 24:28 | Scout Tower |
| 24:29 | Scout Tower |
| 24:30 | Scout Tower |
| 24:38 | Storm Hammers |
| 24:41 | Guard Tower |
| 24:54 | Guard Tower |
| 25:22 | Guard Tower |
| 25:23 | Guard Tower |
| 25:47 | Guard Tower |
| 26:03 | Arcane Tower |
| 26:07 | Arcane Tower |
| 26:25 | Guard Tower |
| 26:27 | Guard Tower |
| 26:27 | Guard Tower |
| 26:31 | Guard Tower |
| 26:38 | Guard Tower |
| 26:47 | Guard Tower |
| Right click | 2417 |
| Select | 828 |
| Select group | 481 |
| Build/train/purchase | 395 |
| Use ability | 97 |
| Chat | 69 |
| Assign group | 36 |
| Misc. action | 23 |
| Item give/drop | 11 |
| Remove unit | 1 |
| Esc | 1 |
โ